 Dungeon Crawl Stone Soup version 0.32-a0-616-g9348d4545b (webtiles) character file.

Game seed: 14044271746847530259

18071 zenocrate the Covert (level 12, -11/63 HPs)
             Began as a Felid Earth Elementalist on Mar 5, 2024.
             Was an Initiate of Gozag.
             Mangled by a six-headed hydra (15 damage)
             ... on level 3 of the Lair of Beasts.
             The game lasted 00:26:16 (15027 turns).

zenocrate the Covert (Felid Earth Elementalist)    Turns: 15027, Time: 00:26:17

Health: -11/63     AC:  3    Str:  6    XL:     12   Next: 24%
Magic:  0/22       EV: 23    Int: 26    God:    Gozag
Gold:   339        SH:  0    Dex: 19    Spells: 3/23 levels left
                                        Lives:  0   Deaths: 4

rFire   . .          .
                       - Unarmed
rCold   + . .        (shield unavailable)
rNeg    . . .        (body armour unavailable)
rPois   .            (helmet unavailable)
rElec   .            (cloak unavailable)
rCorr   .            (gloves unavailable)
SInv    +            (boots unavailable)
Will    +....        D - amulet of guardian spirit
Stlth   +++++        w - +6 ring of intelligence
HPRegen 0.30/turn    n - ring of protection from fire
MPRegen 0.18/turn

%: clarity, guardian spirit
@: no status effects
A: very small, claws 1, fangs 3, see invisible, shaggy fur 3, stealthy paws, no
weapons or thrown items, no armour, multi-lived, clarity, heat vulnerability 1
a: Renounce Religion, Potion Petition, Call Merchant, Bribe Branch


You were on level 3 of the Lair of Beasts.
You worshipped Gozag.
Gozag was aware of your devotion.
You visited 3 branches of the dungeon, and saw 12 of its levels.

You collected 1667 gold pieces.
You spent 366 gold pieces at shops.
You paid 962 gold pieces to Gozag.

Inventory:

Jewellery
 n - a ring of protection from fire (right paw)
 t - a ring of ice
 v - a ring of magical power
 w - a +6 ring of intelligence (left paw)
 A - a ring of fire
 D - an amulet of guardian spirit (around neck)
Talismans
 f - a flux talisman
 k - a serpent talisman
Wands
 c - a wand of polymorph (18)
 E - a wand of paralysis (10)
Scrolls
 b - a scroll of immolation {unknown}
 d - 2 scrolls of silence
 g - 2 scrolls of poison {unknown}
 i - a scroll of teleportation
 j - a scroll of summoning {unknown}
 m - 3 scrolls of enchant armour {unknown}
 o - a scroll of fear {unknown}
 p - 2 scrolls of vulnerability {unknown}
 r - a scroll of blinking {unknown}
 s - 2 scrolls of fog
 C - 2 scrolls of acquirement {unknown}
 F - a scroll of amnesia
Potions
 a - a potion of magic
 e - 2 potions of resistance
 h - a potion of lignification
 q - a potion of brilliance
 u - 3 potions of enlightenment
 x - 2 potions of might {unknown}
 z - a potion of cancellation {unknown}
 B - 4 potions of curing {unknown}
Miscellaneous
 G - a condenser vane (inert)


   Skills:
 + Level 7.6 Fighting
 + Level 8.8 Dodging
 + Level 10.3 Stealth
 + Level 6.2 Unarmed Combat
 + Level 6.3 Spellcasting
 + Level 5.8 Conjurations
 + Level 7.9 Hexes
 + Level 6.3 Earth Magic
 + Level 2.1 Alchemy
 + Level 5.1 Evocations
 * Level 5.4 Shapeshifting


You had 3 spell levels left.
You knew the following spells:

 Your Spells              Type           Power      Damage    Failure   Level
a - Stone Arrow           Conj/Erth      78%        3d11      1%          3
b - Jinxbite              Hex            98%        N/A       1%          2
c - Tukima's Dance        Hex            49%        N/A       1%          3
d - Petrify               Alch/Erth      30%        N/A       12%         4
e - Yara's Violent Unrav  Hex/Alch       17%        3d8       24%         5
w - Passwall              Erth           41%        N/A       1%          3

Your spell library contained the following spells:

 Spells                   Type           Power      Damage    Failure   Level
 Sandblast                Erth           82%        2d17      1%          1
 Brom's Barrelling Bould  Conj/Erth      39%        2d6       5%          4
 Passage of Golubria      Tloc           8%         N/A       56%         4
 Summon Blazeheart Golem  Fire/Summ      8%         N/A       56%         4
 Enfeeble                 Hex            24%        N/A       92%         7
 Orb of Destruction       Conj           19%        9d8       99%         7
 Haunt                    Necr/Summ      4%         N/A       100%        7
 Spellforged Servitor     Conj/Summ      11%        N/A       100%        7
 Infestation              Necr           4%         N/A       100%        8
 Animate Dead             Necr           Unusable   N/A       N/A         4

Dungeon Overview and Level Annotations

Branches:
Dungeon (8/15)             Temple (1/1) D:7            Lair (3/5) D:8
 Spider (0/4) Lair:2
  Swamp: Lair:2-3    Shoals: Lair:2-3

Altars:
Ashenzari
Dithmenos
Elyvilon
Fedhas
Gozag
Hepliaklqana
Makhleb
Nemelex Xobeh
Qazlal
Ru
Trog
Uskayaw
Wu Jian
Xom
Yredelemnul
Zin
The Shining One

Shops:
D:5 [   D:6 *[**


Innate Abilities, Weirdness & Mutations

You have sharp claws.
You have razor-sharp teeth.
You have supernaturally acute eyesight. (SInv)
Your thick and shaggy fur keeps you warm. (AC +3, rC+)
Your paws help you pounce on unaware monsters.
You are incapable of wielding weapons or throwing items.
You cannot wear armour.
You gain extra lives every three experience levels.
You possess an exceptional clarity of mind.
You are vulnerable to heat. (rF-)


Message History

You scratch the six-headed hydra.
The six-headed hydra is lightly wounded.
A six-headed hydra is nearby!
You barely miss the six-headed hydra. You claw the six-headed hydra.
The six-headed hydra is lightly wounded.
The six-headed hydra bites you. The six-headed hydra misses you.
The six-headed hydra bites you. x2; The six-headed hydra bites you!
The six-headed hydra bites you.
Unknown command.
You scratch the six-headed hydra.
The six-headed hydra is lightly wounded.
The six-headed hydra closely misses you.
The six-headed hydra bites you. The six-headed hydra bites you!
The six-headed hydra misses you.
The six-headed hydra closely misses you.
The six-headed hydra misses you.
You barely miss the six-headed hydra. You bite the six-headed hydra.
The six-headed hydra is lightly wounded.
The six-headed hydra bites you.
The six-headed hydra completely misses you.
The six-headed hydra bites you! The six-headed hydra misses you.
The six-headed hydra bites you!
* * * LOW HITPOINT WARNING * * *
The six-headed hydra completely misses you.
Unknown command.
You scratch the six-headed hydra.
The six-headed hydra is lightly wounded.
The six-headed hydra closely misses you.
The six-headed hydra bites you!
* * * LOW HITPOINT WARNING * * *
The six-headed hydra misses you. The six-headed hydra barely misses you.
The six-headed hydra completely misses you.
The six-headed hydra bites you!
* * * LOW HITPOINT WARNING * * *
You scratch the six-headed hydra.
The six-headed hydra is moderately wounded.
The six-headed hydra barely misses you. The six-headed hydra misses you.
The six-headed hydra bites you!
You die...
Your body crumbles into a pile of gold.

~≈≈≈≈≈~..######
≈≈≈≈≈≈≈≈~......#
~≈≈≈≈≈≈≈~......##
.~~.≈~~≈........#
...>..~~~......##
................#
P.............##
.#..........#
#(.@######.#
###.D.# ###
##.$## #...##
##...# ##..##
####+$.##
#.......##
##.......#


You could see a six-headed hydra.

Vanquished Creatures
  2 catoblepae (Lair:2)
  A hydra (Lair:2)
  Erica (Lair:2)
  6 elephants
  2 black mambas (Lair:3)
  5 cane toads
  4 komodo dragons
  Prince Ribbit (D:8)
  A hornet (D:7)
  6 blink frogs
  7 dream sheep (Lair:3)
  Sigmund (D:3)
  3 wyverns
  Eustachio (D:4)
  13 yaks
  A basilisk (Lair:2)
  3 steam dragons
  6 water moccasins
  An orc warrior (D:8)
  2 black bears
  3 sky beasts
  An ogre (D:5)
  9 wolves
  4 centaurs
  2 phantoms (D:5)
  2 kobold brigands
  5 bullfrogs
  A gnoll sergeant (D:8)
  4 wights (D:6)
  7 scorpions
  A bombardier beetle (D:4)
  5 hounds
  A jelly (D:3)
  3 orc priests
  A gnoll bouda (D:6)
  4 sleepcaps
  Jessica (D:2)
  4 iguanas
  10 orc wizards
  Natasha (thrice) (D:2)
  7 adders
  8 gnolls
  A white imp (D:7)
  4 ribbon worms
  A dart slug (D:2)
  40 orcs
  3 bats (D:2)
  5 endoplasms
  3 giant cockroaches
  3 goblins
  10 hobgoblins
  5 jackals (D:3)
  20 kobolds
  2 quokkas (D:3)
  7 ball pythons
  A frilled lizard (D:1)
  5 rats
263 creatures vanquished.

Vanquished Creatures (others)
  A dancing weapon (D:7)
1 creature vanquished.

Grand Total: 264 creatures vanquished

Notes
Turn   | Place    | Note
-------+----------+-------------------------------------------
     0 | D:1      | zenocrate the Felid Earth Elementalist began the quest for
                  | the Orb.
     0 | D:1      | Reached XP level 1. HP: 9/9 MP: 4/4
    92 | D:1      | Reached skill level 1 in Conjurations
   790 | D:1      | Reached XP level 2. HP: 11/13 MP: 1/6
   881 | D:2      | Noticed Natasha
   885 | D:2      | Killed Natasha
   886 | D:2      | Reached skill level 3 in Stealth
   886 | D:2      | Reached XP level 3. HP: 7/17 MP: 3/7
   977 | D:2      | Noticed Jessica
   985 | D:2      | Killed Jessica
   986 | D:2      | Reached skill level 1 in Fighting
   986 | D:2      | Reached skill level 1 in Unarmed Combat
  1035 | D:2      | Noticed Natasha
  1041 | D:2      | Killed Natasha
  1042 | D:2      | Reached XP level 4. HP: 20/22 MP: 5/8
  1042 | D:2      | Gained a life (2 lives remaining)
  1046 | D:2      | Learned a level 3 spell: Stone Arrow
  1050 | D:2      | Learned a level 3 spell: Passwall
  1452 | D:2      | Noticed Natasha
  1462 | D:2      | Killed Natasha
  1693 | D:2      | Reached XP level 5. HP: 22/26 MP: 6/9
  2246 | D:3      | Noticed Sigmund
  2265 | D:3      | Killed Sigmund
  2266 | D:3      | Reached skill level 4 in Stealth
  2266 | D:3      | Gained mutation: You are covered in thick fur. (AC +2)
                  | [Felid growth]
  2266 | D:3      | Reached XP level 6. HP: 15/32 MP: 0/11
  2952 | D:4      | Noticed Eustachio
  3063 | D:4      | Killed Eustachio
  3064 | D:4      | Reached XP level 7. HP: 10/36 MP: 7/12
  3384 | D:4      | Reached skill level 5 in Stealth
  3665 | D:4      | Learned a level 3 spell: Tukima's Dance
  3688 | D:4      | Found a glowing golden altar of the Shining One.
  3891 | D:4      | Reached skill level 1 in Shapeshifting
  4209 | D:5      | Entered Level 5 of the Dungeon
  4231 | D:5      | Identified the +9 war axe of Cammyrae {spect, rC+ SInv}
  4235 | D:5      | Learned a level 2 spell: Jinxbite
  4249 | D:5      | Found Etzubeth's Armour Boutique.
  4301 | D:5      | Reached skill level 1 in Hexes
  4332 | D:5      | Found a broken altar of Ashenzari.
  4361 | D:5      | Reached XP level 8. HP: 22/41 MP: 1/14
  4512 | D:5      | Found a white marble altar of Elyvilon.
  4927 | D:5      | Reached skill level 5 in Dodging
  5693 | D:6      | Reached skill level 6 in Stealth
  5811 | D:6      | Found Hoatis's General Store.
  5811 | D:6      | Found Koxugg's General Store.
  5812 | D:6      | Found Yhut's Antique Armour Emporium.
  5812 | D:6      | Found Lylemumov's General Store.
  5890 | D:6      | Bought a wand of roots (6) for 172 gold pieces
  5890 | D:6      | Bought a potion of heal wounds for 60 gold pieces
  5890 | D:6      | Bought a scroll of noise for 12 gold pieces
  6519 | D:6      | Bought 2 scrolls of identify for 56 gold pieces
  6522 | D:6      | Gained mutation: You do not regenerate when monsters are
                  | visible. [potion of mutation]
  6522 | D:6      | Gained mutation: You are partially covered in iridescent
                  | scales. (AC +2) [potion of mutation]
  6522 | D:6      | Gained mutation: You are mostly covered in iridescent
                  | scales. (AC +4) [potion of mutation]
  6523 | D:6      | Lost mutation: You are mostly covered in iridescent scales.
                  | (AC +4) [potion of mutation]
  6523 | D:6      | Lost mutation: You are partially covered in iridescent
                  | scales. (AC +2) [potion of mutation]
  6523 | D:6      | Gained mutation: You are occasionally teleported next to
                  | monsters. [potion of mutation]
  6523 | D:6      | Gained mutation: You are vulnerable to heat. (rF-) [potion
                  | of mutation]
  6523 | D:6      | Gained mutation: Your mind is acute. (Int +4, Str/Dex -1)
                  | [potion of mutation]
  6524 | D:6      | Lost mutation: You do not regenerate when monsters are
                  | visible. [potion of mutation]
  6524 | D:6      | Lost mutation: You are occasionally teleported next to
                  | monsters. [potion of mutation]
  6524 | D:6      | Lost mutation: Your mind is acute. (Int +4, Str/Dex -1)
                  | [potion of mutation]
  6524 | D:6      | Gained mutation: You possess an exceptional clarity of
                  | mind. [potion of mutation]
  6528 | D:6      | Bought a scroll of identify for 22 gold pieces
  6917 | D:7      | Reached XP level 9. HP: 46/46 MP: 16/16
  7022 | D:7      | Reached skill level 5 in Fighting
  7042 | D:7      | Reached skill level 1 in Evocations
  8009 | D:7      | Reached skill level 7 in Stealth
  8320 | D:7      | Found a staircase to the Ecumenical Temple.
  8331 | Temple   | Entered the Ecumenical Temple
  8339 | D:7      | Learned a level 4 spell: Petrify
  8464 | D:8      | Noticed Prince Ribbit
  8472 | D:8      | Killed Prince Ribbit
  8492 | D:8      | Found an opulent altar of Gozag.
  8503 | D:8      | Became a worshipper of Gozag Ym Sagoz the Greedy
  8540 | D:8      | Noticed a cane toad
  8541 | D:8      | Found a staircase to the Lair.
  8541 | D:8      | Noticed a cane toad
  8675 | D:8      | Reached skill level 5 in Earth Magic
  8817 | D:8      | Reached skill level 5 in Hexes
  8817 | D:8      | Reached XP level 10. HP: 45/53 MP: 18/18
  8822 | D:8      | Killed a cane toad
  8952 | D:8      | Killed a cane toad
  8953 | D:8      | Reached skill level 5 in Spellcasting
  9927 | Lair:1   | Entered Level 1 of the Lair of Beasts
 10038 | D:8      | Reached skill level 8 in Stealth
 10240 | Lair:1   | Noticed a cane toad
 10243 | Lair:1   | Killed a cane toad
 10253 | Lair:1   | HP: 2/53 [blink frog (12)]
 10254 | Lair:1   | Mangled by a blink frog
 10254 | Lair:1   | Lost a life (1 life remaining)
 10298 | Lair:1   | Reached skill level 5 in Unarmed Combat
 10410 | Lair:1   | Noticed a cane toad
 10429 | Lair:1   | Killed a cane toad
 10430 | Lair:1   | Reached skill level 9 in Stealth
 10492 | Lair:1   | Noticed a cane toad
 10497 | Lair:1   | Killed a cane toad
 10578 | Lair:1   | Reached skill level 5 in Conjurations
 10579 | Lair:1   | Reached XP level 11. HP: 43/58 MP: 5/20
 10579 | Lair:1   | Gained a life (2 lives remaining)
 10760 | Lair:1   | Learned a level 5 spell: Yara's Violent Unravelling
 11692 | D:6      | Bought a scroll of amnesia for 44 gold pieces
 12152 | Lair:2   | Noticed a catoblepas
 12164 | Lair:2   | Killed a catoblepas
 12373 | Lair:2   | Noticed a catoblepas
 12391 | Lair:2   | Noticed a six-headed hydra
 12931 | Lair:2   | Noticed Erica
 12946 | Lair:2   | Killed Erica
 12947 | Lair:2   | Reached skill level 1 in Alchemy
 13100 | Lair:2   | Killed a six-headed hydra
 13228 | Lair:2   | Found a hole to the Spider Nest.
 13372 | Lair:2   | Reached skill level 5 in Shapeshifting
 13533 | Lair:2   | Found a runed translucent door.
 13792 | Lair:2   | Killed a catoblepas
 13793 | Lair:2   | Reached skill level 10 in Stealth
 14227 | Lair:2   | Noticed a minotaur
 14256 | Lair:2   | Slain by a minotaur
 14256 | Lair:2   | Lost a life (1 life remaining)
 14692 | Lair:3   | Gained mutation: Your thick and shaggy fur keeps you warm.
                  | (AC +3, rC+) [Felid growth]
 14692 | Lair:3   | Reached XP level 12. HP: 63/63 MP: 22/22
 14692 | Lair:3   | Gained a life (2 lives remaining)
 14716 | Lair:3   | Reached skill level 5 in Evocations
 14784 | Lair:3   | Slain by a yak
 14784 | Lair:3   | Lost a life (1 life remaining)
 14999 | Lair:3   | Noticed a six-headed hydra
 15013 | Lair:3   | HP: 2/63 [six-headed hydra (9)]
 15014 | Lair:3   | Slain by a six-headed hydra
 15014 | Lair:3   | Lost a life (0 lives remaining)
 15027 | Lair:3   | Mangled by a six-headed hydra

Illustrated notes

Levels and vault maps discovered:
D:1:      lemuel_arrival_cross, layout_basic
D:2:      layout_loops_ring, minmay_pentomino_u4, uniq_natasha, uniq_jessica
D:3:      layout_basic, minmay_box_of_dots, uniq_sigmund
D:4:      layout_gridville, tso_metal_star, serial_bayou, serial_bayou_pond_a,
          serial_bayou_pond_b, serial_bayou_pond_c, serial_bayou_pond_e,
          uniq_eustachio
D:5:      layout_basic, mainiacjoe_overflow_catwalk_spiral, serial_shops, shop
D:6:      layout_basic, kennysheep_diamond, minmay_shop_grid_forest
D:7:      nicolae_whirlpool, layout_loops_ring, temple_hall
D:8:      layout_gridville, mainiacjoe_overflow_boulevard, dpeg_lair_monsters,
          uniq_prince_ribbit1
Temple:   oiseaux_autumnal_temple
Lair:1:   layout_loops_ring
Lair:2:   dreamdust_labyrinth, layout_concentric_octagons,
          nicolae_spider_entry_non_spiders, lemuel_fruit_tree, uniq_erica
Lair:3:   layout_roguey, minmay_swamp_entry_worms, infiniplex_staircase_pool

Skill      XL: |  1  2  3  4  5  6  7  8  9 10 11 12 |
---------------+-------------------------------------+-----
Conjurations   | 1 2 3 4 5 |  5.8
Dodging        | 3 4 5 6 7 8 |  8.8
Stealth        | 3 4 5 6 7 9 10 | 10.3
Fighting       | 1 2 3 4 6 7 |  7.6
Unarmed Combat | 1 2 3 4 5 6 |  6.2
Earth Magic    | 3 4 5 6 |  6.3
Spellcasting   | 3 4 5 6 |  6.3
Shapeshifting  | 1 2 3 5 |  5.4
Hexes          | 1 3 5 6 7 |  7.9
Evocations     | 2 3 4 5 |  5.1
Alchemy        | 1 2 |  2.1

Action                     |  1- 3 |  4- 6 |  7- 9 | 10-12 || total
---------------------------+-------+-------+-------+-------++-------
  Melee: Unarmed           |    11 |    64 |   118 |   229 ||   422
         Bite              |       |     6 |    13 |    32 ||    51
         Punch             |       |       |     7 |    14 ||    21
   Cast: Sandblast         |    16 |    60 |    63 |       ||   139
         Stone Arrow       |       |     2 |    89 |   165 ||   256
         Jinxbite          |       |       |     7 |     1 ||     8
         Tukima's Dance    |       |       |     4 |       ||     4
 Invoke: Potion Petition   |       |       |       |     3 ||     3
  Evoke: Wand              |       |       |       |    17 ||    17
         Condenser vane    |       |       |       |     1 ||     1
    Use: Scroll            |       |     4 |     9 |     5 ||    18
         Potion            |       |     1 |     6 |    11 ||    18
   Stab: Sleeping          |     2 |     8 |    11 |     8 ||    29
         Distracted        |       |       |     2 |       ||     2
         Paralysed         |       |       |       |     5 ||     5
 Armour: Skin              |     9 |    43 |    79 |   255 ||   386
  Dodge: Dodged            |    17 |    97 |   166 |   320 ||   600

Table legend: (Time is in decaauts)
 A = Elapsed time spent in this place.
 B = Non-inter-level travel time spent in this place.
 C = Inter-level travel time spent in this place.
 D = Time resting spent in this place.
 E = Time spent auto-exploring this place.
 F = Levels seen in this place.
 G = Mean time per level.
                   A        B        C        D        E       F      G
               +--------+--------+--------+--------+--------+-----+--------+
         Total |  15066 |  14427 |    639 |    434 |  11896 |  12 | 1255.5 |
       Dungeon |  10469 |   9959 |    510 |    201 |   8348 |   8 | 1308.6 |
        Temple |      1 |      1 |      0 |      0 |      0 |   1 |    1.0 |
          Lair |   4595 |   4466 |    129 |    233 |   3548 |   3 | 1531.7 |
               +--------+--------+--------+--------+--------+-----+--------+

Top non-repeatable levels by time:
  Lair:2: 2271 daAuts
  Lair:1: 1986 daAuts
     D:8: 1887 daAuts
     D:6: 1604 daAuts
     D:7: 1445 daAuts
     D:4: 1260 daAuts
     D:5: 1259 daAuts
     D:3: 1122 daAuts
     D:2: 1039 daAuts
     D:1: 848 daAuts
  Lair:3: 337 daAuts
  Temple: 1 daAuts
